 Dungeon Crawl Stone Soup version 0.28-a0-915-gcd63401287 (webtiles) character file.

Game seed: 12775563931276239079

63 kae the Ruffian (level 3, -3/29 HPs)
             Began as a Draconian Transmuter on Nov 25, 2021.
             Slain by a gnoll (4 damage)
             ... on level 3 of the Dungeon.
             The game lasted 00:01:09 (2154 turns).

kae the Ruffian (Draconian Transmuter)              Turns: 2154, Time: 00:01:10

Health: -3/29      AC:  2    Str: 12    XL:     3   Next: 87%
Magic:  1/6        EV: 20    Int: 14    God:
Gold:   35         SH:  0    Dex: 22    Spells: 2/6 levels left

rFire   . . .      SeeInvis .     - Unarmed
rCold   . . .      Faith    .   (shield currently unavailable)
rNeg    . . .      Spirit   .   (armour unavailable)
rPois   x          Reflect  .   (helmet currently unavailable)
rElec   .          Harm     .   (cloak currently unavailable)
rCorr   .          Rampage  .   (gloves currently unavailable)
Will    +....                   (boots currently unavailable)
Stlth   ++........              (no amulet)
HPRegen 0.09/turn               f - ring of willpower
MPRegen 0.10/turn               c - +6 ring of dexterity

@: lethally poisoned (-3 -> -8), spider-form (expiring)
A: venomous fangs, AC +5, tiny, unfitting armour, (cold-blooded)
a: End Transformation


You were on level 3 of the Dungeon.
You were a venomous arachnid creature.
You visited 1 branch of the dungeon, and saw 3 of its levels.

You collected 35 gold pieces.

Inventory:

Armour
 a - a +2 cloak (melded)
 d - a +0 pair of gloves (melded)
Jewellery
 c - a +6 ring of dexterity (right front leg)
 f - a ring of willpower (left front leg)
Potions
 e - 2 potions of invisibility
 g - a potion of attraction


   Skills:
 + Level 1.7 Fighting
 + Level 2.3 Dodging
 * Level 3.5 Unarmed Combat
 + Level 2.2 Spellcasting
 * Level 2.7 Transmutations
 + Level 0.2 Poison Magic


You had 2 spell levels left.
You knew the following spells:

 Your Spells              Type           Power      Damage    Failure   Level
a - Beastly Appendage     Tmut           18%        N/A       21%         1
b - Spider Form           Tmut/Pois      5%         N/A       58%         3

Your spell library contained the following spells:

 Spells                   Type           Power      Damage    Failure   Level
 Wereblood                Tmut           9%         N/A       26%         2
 Sandblast                Erth           2%         2d4       45%         1
 Slow                     Hex            4%         N/A       45%         1
 Confusing Touch          Hex            1%         N/A       77%         3
 Teleport Other           Tloc           1%         N/A       77%         3
 Vampiric Draining        Necr           1%         2d6       77%         3
 Ice Form                 Ice/Tmut       5%         N/A       91%         4
 Blade Hands              Tmut           4%         N/A       97%         5
 Manifold Assault         Tloc           1%         N/A       100%        5
 Iron Shot                Conj/Erth      0%         9d1       100%        6
 Statue Form              Tmut/Erth      3%         N/A       100%        6
 Animate Armour           Summ/Erth      Unusable   N/A       N/A         4

Dungeon Overview and Level Annotations

Branches:
Dungeon (3/15)

Altars:


Innate Abilities, Weirdness & Mutations

You are a venomous arachnid creature.
You have poisonous fangs.
You are tiny and dextrous.
Your spellcasting is less reliable in this form.
Your armour is entirely melded.
You are incapable of wielding weapons or throwing items.
((Your plain brown scales are hard. (AC +5)))
You cannot fit into any form of body armour.
((You are cold-blooded and may be slowed by cold attacks.))


Message History

You start resting.
Casting: Spider Form (extremely dangerous; 36% risk of failure)
Confirm with . or Enter, or press ? or * to list all spells.
The spell is extremely dangerous to cast (36% risk of failure)!
Continue anyway? [Y]es or [N]o only, please.
The spell is extremely dangerous to cast (36% risk of failure)!
Continue anyway?
You turn into a venomous arachnid creature.
Your +2 cloak melds into your body.
Your +0 pair of gloves melds into your body.
The gnoll shouts!
Your transformation is almost over.
The gnoll hits you from afar with a +2 spear of venom!
You are lethally poisoned!
Your magical contamination has completely faded away.
You feel very sick. The gnoll misses you.
You climb upwards.
You feel very sick.
There is a stone staircase leading down here.
There is a lethal amount of poison in your body!
There is a lethal amount of poison in your body!
There is a lethal amount of poison in your body!
Okay, then.
You aren't carrying any scrolls.
Unknown command.
There is a lethal amount of poison in your body!
* * * LOW HITPOINT WARNING * * *
You feel very sick.
You climb downwards.
* * * LOW HITPOINT WARNING * * *
You feel very sick.
There is a stone staircase leading up here.
* * * LOW HITPOINT WARNING * * *
You feel sick. The gnoll misses you. The gnoll completely misses you.
You hit the gnoll.
The gnoll is poisoned.
The gnoll is heavily wounded.
* * * LOW HITPOINT WARNING * * *
You feel sick. The gnoll completely misses you.
The gnoll hits you with a +2 spear of venom.
You die...

#####
... #.#
#<###
#s..#
#g##...#
#g# .##
..# #
.## #.
#. #.


You could see 2 gnolls.

Vanquished Creatures
  3 adders (D:2)
  A worm (D:2)
  2 endoplasms
  A giant cockroach (D:1)
  2 goblins
  2 hobgoblins (D:2)
  2 jackals (D:1)
  2 kobolds (D:1)
  4 quokkas
  4 ball pythons
  3 bats
  5 frilled lizards
  2 rats (D:2)
33 creatures vanquished.

Notes
Turn   | Place    | Note
-------+----------+-------------------------------------------
     0 | D:1      | kae the Draconian Transmuter began the quest for the Orb.
     0 | D:1      | Reached XP level 1. HP: 16/16 MP: 3/3
   106 | D:1      | Got Sif Muna's Papyrus of the Earthen Traveller
   367 | D:1      | Reached XP level 2. HP: 19/23 MP: 3/5
   459 | D:1      | Found a faded altar of an unknown god.
  1180 | D:2      | Reached XP level 3. HP: 24/28 MP: 4/6
  1184 | D:2      | Learned a level 3 spell: Spider Form
  2153 | D:3      | HP: 1/29 [poisoned by a gnoll]
  2154 | D:3      | Slain by a gnoll

Illustrated notes

Levels and vault maps discovered:
D:1:      arrival_zaba_pyramid, layout_basic, ebering_ecumenical_altar_box
D:2:      layout_basic, hangedman_decor_slide_cut
D:3:      cheibrodos_pilgrimage, layout_loops_ring, tgw_kikubaaqudgha,
          grunt_ministairs_13

Skill      XL: |  1 |
---------------+----+-----
Dodging        | 2 |  2.3
Fighting       | |  1.7
Unarmed Combat | |  3.5
Spellcasting   | |  2.2
Transmutations | |  2.7
Poison Magic   | |  0.2

Action                   || total
-------------------------++-------
Melee: Unarmed           ||    81
       Kick              ||    11
       Headbutt          ||     6
       Tailslap          ||    10
       Punch             ||     1
 Cast: Beastly Appendage ||    23
       Spider Form       ||     1
  Use: Scroll            ||     4
 Stab: Sleeping          ||     4
       Distracted        ||     1
Armor: Skin              ||    21
Dodge: Dodged            ||    62

Table legend: (Time is in decaauts)
 A = Elapsed time spent in this place.
 B = Non-inter-level travel time spent in this place.
 C = Inter-level travel time spent in this place.
 D = Time resting spent in this place.
 E = Time spent auto-exploring this place.
 F = Levels seen in this place.
 G = Mean time per level.
                   A        B        C        D        E       F      G
               +--------+--------+--------+--------+--------+-----+--------+
         Total |   2151 |   2085 |     66 |      8 |   1792 |   3 |  717.0 |
       Dungeon |   2151 |   2085 |     66 |      8 |   1792 |   3 |  717.0 |
               +--------+--------+--------+--------+--------+-----+--------+

Top non-repeatable levels by time:
     D:2: 1217 daAuts
     D:1: 916 daAuts
     D:3: 17 daAuts
